[Event "72nd MNE-ch 2020"]
[Site "Podgorica"]
[Date "2020.09.12"]
[Round "2"]
[White "Skenderovic, Ismet"]
[Black "Lazarevic, Zoran V"]
[Result "0-1"]
[ECO "A00"]
[WhiteElo "1913"]
[BlackElo "2132"]
[PlyCount "122"]
[EventDate "2020.09.11"]
[EventType "swiss"]
[EventRounds "9"]
[EventCountry "MNE"]
[TimeControl "5400+30"]

1. d4 d5 2. Nf3 e6 3. Bf4 Nf6 4. e3 Bd6 5. Nbd2 O-O 6. Bd3 b6 7. O-O Ba6 8. Qe2 Bxf4 9. Bxa6 Nxa6 10. exf4 Qc8 11. Rac1 c5 12. c4 Qb7 13. cxd5 exd5 14. Qb5 Nc7 15. Qb3 c4 16. Qc2 Ne6 17. g3 b5 18. Rfe1 Qb6 19. Qc3 b4 20. Qe3 Rfe8 21. f5 Ng4 22. Qe2 Nc7 23. Qd1 Rxe1+ 24. Qxe1 Re8 25. Qd1 Nh6 26. Qa4 Nxf5 27. Qd7 g6 28. Ne5 Rf8 29. Ndf3 Qd6 30. Re1 Qxd7 31. Nxd7 Rd8 32. Nde5 Ne6 33. Nc6 Rd6 34. Nxb4 a5 35. Nc2 Rb6 36. Rb1 a4 37. g4 Nd6 38. Ne3 Nf4 39. Nd1 Ne4 40. Ra1 h5 41. gxh5 gxh5 42. Kf1 Nd3 43. Ng1 Nxb2 44. Ne3 Rb5 45. f3 Nf6 46. Ne2 a3 47. Nc3 Rb6 48. Nexd5 Nxd5 49. Nxd5 Rd6 50. Ne3 Rxd4 51. Rc1 Rh4 52. Kg2 Rd4 53. Rc3 Rd2+ 54. Kg3 Rd3 55. Rxd3 cxd3 56. Kf2 Kg7 57. Ke1 Kf6 58. Kd2 Ke5 59. Ng2 Kd4 60. Nf4 Nc4+ 61. Kd1 Ke3 0-1

[Event "72nd MNE-ch 2020"]
[Site "Podgorica"]
[Date "2020.09.12"]
[Round "2"]
[White "Koljevic, Nikolina"]
[Black "Alivodic, Dario"]
[Result "1/2-1/2"]
[ECO "A00"]
[WhiteElo "1870"]
[BlackElo "2103"]
[PlyCount "71"]
[EventDate "2020.09.11"]
[EventType "swiss"]
[EventRounds "9"]
[EventCountry "MNE"]
[TimeControl "5400+30"]

1. e4 c5 2. Nf3 a6 3. d4 cxd4 4. Nxd4 Nf6 5. Nc3 e5 6. Nf3 Qc7 7. a3 Bc5 8. Be2 d6 9. O-O h6 10. Qd3 Be6 11. Be3 Nbd7 12. Nd2 O-O 13. Kh1 b5 14. f4 Bxe3 15. Qxe3 exf4 16. Qxf4 Ne5 17. Qg3 Nfd7 18. Rad1 Rfb8 19. Nb3 b4 20. axb4 Rxb4 21. Rd4 a5 22. Rfd1 Rb6 23. R1d2 Bxb3 24. cxb3 Nf6 25. Bc4 Rab8 26. Qf2 Neg4 27. Qf4 Ne5 28. Qf2 Nxc4 29. bxc4 Qb7 30. Rxd6 Rxd6 31. Rxd6 Qxb2 32. Rd8+ Kh7 33. Qf5+ g6 34. Qxf6 Rxd8 35. Qxf7+ Kh8 36. Qf6+ 1/2-1/2

[Event "72nd MNE-ch 2020"]
[Site "Podgorica"]
[Date "2020.09.12"]
[Round "2"]
[White "Bacic, Kristina"]
[Black "Vujovic, Savo"]
[Result "0-1"]
[ECO "A00"]
[WhiteElo "1856"]
[BlackElo "2082"]
[PlyCount "58"]
[EventDate "2020.09.11"]
[EventType "swiss"]
[EventRounds "9"]
[EventCountry "MNE"]
[TimeControl "5400+30"]

1. d4 d5 2. Nf3 Nf6 3. Bf4 c5 4. c3 Nc6 5. e3 Qb6 6. Qb3 c4 7. Qxb6 axb6 8. Na3 Na7 9. h3 e5 10. dxe5 Bxa3 11. Rb1 Ne4 12. bxa3 Nxc3 13. Rxb6 Nc6 14. Nd4 Nxd4 15. exd4 Rxa3 16. g4 h5 17. Bg2 Rxa2 18. Bg5 Re2+ 19. Kf1 Ra2 20. f4 Ne2 21. Rd6 O-O 22. Rh2 Nxd4 23. Rxd5 Nf3 24. Bxf3 Rxh2 25. Bg2 hxg4 26. h4 g3 27. Rc5 Bf5 28. e6 fxe6 29. Bxb7 Rb8 0-1

[Event "72nd MNE-ch 2020"]
[Site "Podgorica"]
[Date "2020.09.12"]
[Round "2"]
[White "Sabotic, Denis"]
[Black "Kandic, Milojko"]
[Result "0-1"]
[ECO "A00"]
[WhiteElo "1708"]
[BlackElo "1961"]
[PlyCount "116"]
[EventDate "2020.09.11"]
[EventType "swiss"]
[EventRounds "9"]
[EventCountry "MNE"]
[TimeControl "5400+30"]

1. e4 e6 2. Nf3 d5 3. exd5 exd5 4. d4 Nf6 5. Bg5 Be7 6. Bd3 O-O 7. O-O Bg4 8. Nbd2 Ne4 9. Bxe7 Qxe7 10. Re1 f5 11. h3 Bxf3 12. Nxf3 Nd7 13. c4 dxc4 14. Bxc4+ Kh8 15. Bd3 c5 16. d5 Ndf6 17. Ng5 Qe5 18. Nxe4 fxe4 19. Bxe4 Nxe4 20. f3 Rf4 21. Rxe4 Rxe4 22. fxe4 Qxe4 23. Qb3 b6 24. Rd1 h6 25. d6 Rd8 26. Qf7 Qe8 27. Qc7 Qd7 28. Re1 Kh7 29. Re7 Qxc7 30. dxc7 Rc8 31. Kf2 Kg6 32. Ke3 Kf6 33. Rd7 g5 34. Ke4 Ke6 35. Rh7 Kd6 36. Rxh6+ Kxc7 37. Rg6 Re8+ 38. Kf5 Re2 39. Rxg5 Rxb2 40. Rg7+ Kc6 41. h4 c4 42. Ke4 Rd2 43. h5 c3 44. Ke3 Rd5 45. Rg8 Rxh5 46. Rc8+ Kd5 47. Rxc3 a5 48. Kf4 b5 49. g4 Rh2 50. a3 Kd4 51. Rf3 Rh8 52. g5 b4 53. Kg4 Kc4 54. g6 b3 55. Rf7 b2 56. Rb7 Kc3 57. Kf4 Kc2 58. Rc7+ Kb3 0-1

[Event "72nd MNE-ch 2020"]
[Site "Podgorica"]
[Date "2020.09.12"]
[Round "2"]
[White "Mosurovic, Milena"]
[Black "Podlesnik, Bogdan"]
[Result "0-1"]
[ECO "A00"]
[WhiteElo "1353"]
[BlackElo "2354"]
[PlyCount "51"]
[EventDate "2020.09.11"]
[EventType "swiss"]
[EventRounds "9"]
[EventCountry "MNE"]
[TimeControl "5400+30"]

1. e4 c5 2. Nc3 e6 3. g3 d5 4. exd5 exd5 5. Bg2 Nf6 6. d3 d4 7. Qe2+ Be7 8. Ne4 O-O 9. Nf3 Nxe4 10. dxe4 Nc6 11. O-O Be6 12. Bf4 h6 13. Rfd1 Qb6 14. b3 Rfd8 15. Bc1 a5 16. Bb2 a4 17. Rac1 Nb4 18. Ra1 Qa6 19. Qxa6 Rxa6 20. Ne1 axb3 21. axb3 Rxa1 22. Rxa1 Nxc2 23. Nxc2 Bxb3 24. Rc1 d3 25. Ne3 d2 26. Ra1 0-1

[Event "72nd MNE-ch 2020"]
[Site "Podgorica"]
[Date "2020.09.12"]
[Round "3"]
[White "Blagojevic, Dragisa"]
[Black "Milovic, Aleksandra"]
[Result "1-0"]
[ECO "A00"]
[WhiteElo "2492"]
[BlackElo "2198"]
[PlyCount "137"]
[EventDate "2020.09.11"]
[EventType "swiss"]
[EventRounds "9"]
[EventCountry "MNE"]
[TimeControl "5400+30"]

1. d4 Nf6 2. c4 e6 3. Nf3 d5 4. g3 Be7 5. Bg2 O-O 6. O-O dxc4 7. Qc2 Nc6 8. Qxc4 Qd5 9. Qxd5 Nxd5 10. Bd2 Bf6 11. e3 Nb6 12. Nc3 Rd8 13. Ne4 Be7 14. Rfc1 f5 15. Nc5 Bf6 16. Nd3 Nd5 17. b4 a6 18. Rab1 Nce7 19. Nfe5 c6 20. Kf1 Ng6 21. Nc4 Rb8 22. Ke2 Nf8 23. Na5 g5 24. a4 Ne7 25. b5 axb5 26. axb5 cxb5 27. Rxb5 b6 28. Rcb1 Nd7 29. Nc6 Nxc6 30. Bxc6 Ba6 31. Bxd7 Rxd7 32. Rxb6 Rxb6 33. Rxb6 Bc4 34. Rc6 Bd5 35. Rc8+ Kg7 36. f3 Ra7 37. Nb4 Bb3 38. Bc3 h5 39. e4 g4 40. Ke3 gxf3 41. Kxf3 Bd1+ 42. Kf4 fxe4 43. Kxe4 Bg4 44. Rc6 Bf5+ 45. Kf4 Ra3 46. h4 Kg6 47. Ke3 Rb3 48. Nd3 Bg7 49. Nf4+ Kf7 50. Rc7+ Kf8 51. Nxh5 Bh6+ 52. Nf4 Rb1 53. Rc6 Ke7 54. d5 Bxf4+ 55. Kxf4 Rf1+ 56. Ke5 exd5 57. Bb4+ Ke8 58. h5 Bg4 59. h6 Rf5+ 60. Kd4 Rh5 61. Rf6 Bd1 62. Ke3 Bc2 63. g4 Rh3+ 64. Kf4 d4 65. g5 Rb3 66. g6 Bxg6 67. Rxg6 Rxb4 68. h7 d3+ 69. Ke3 1-0

[Event "72nd MNE-ch 2020"]
[Site "Podgorica"]
[Date "2020.09.12"]
[Round "3"]
[White "Kalezic, Blazo"]
[Black "Nikac, Predrag"]
[Result "1/2-1/2"]
[ECO "A00"]
[WhiteElo "2448"]
[BlackElo "2312"]
[PlyCount "33"]
[EventDate "2020.09.11"]
[EventType "swiss"]
[EventRounds "9"]
[EventCountry "MNE"]
[TimeControl "5400+30"]

1. e4 c5 2. Nf3 Nc6 3. Nc3 e6 4. d4 cxd4 5. Nxd4 a6 6. Be2 Qc7 7. O-O Nf6 8. Kh1 Nxd4 9. Qxd4 Bc5 10. Qd3 h5 11. f4 Ng4 12. e5 d5 13. exd6 Qxd6 14. Qg3 f5 15. Bxg4 hxg4 16. Be3 Bd7 17. Rad1 1/2-1/2

[Event "72nd MNE-ch 2020"]
[Site "Podgorica"]
[Date "2020.09.12"]
[Round "3"]
[White "Podlesnik, Bogdan"]
[Black "Draskovic, Luka"]
[Result "1/2-1/2"]
[ECO "A00"]
[WhiteElo "2354"]
[BlackElo "2472"]
[Annotator "RC"]
[PlyCount "79"]
[EventDate "2020.09.11"]
[EventType "swiss"]
[EventRounds "9"]
[EventCountry "MNE"]
[TimeControl "5400+30"]

1. e4 c5 2. Nf3 e6 3. d4 cxd4 4. Nxd4 Nc6 5. Nc3 Qc7 6. f4 a6 7. Be2 b5 8. Nxc6 Qxc6 9. Bf3 Bb7 10. Be3 Rc8 11. a3 Qc7 12. Qd3 b4 13. axb4 Bxb4 14. O-O Ne7 15. Bd4 Bc5 16. Bxc5 Qxc5+ 17. Kh1 Rc7 18. e5 Bxf3 19. Qxf3 O-O 20. Rxa6 Nd5 21. Nxd5 exd5 22. Rd6 Qxc2 23. Qxd5 Qxb2 24. Rxd7 Rxd7 25. Qxd7 g6 26. h3 Qe2 27. Qd1 Qxd1 28. Rxd1 Ra8 29. Kh2 Ra3 30. Rd8+ Kg7 31. Rd7 Kg8 32. Rd2 h5 33. Kg1 Ra4 34. Rf2 f6 35. f5 fxe5 36. fxg6 Ra1+ 37. Kh2 Kg7 38. Rf5 Kxg6 39. Rxe5 h4 40. Re4 1/2-1/2

[Event "72nd MNE-ch 2020"]
[Site "Podgorica"]
[Date "2020.09.12"]
[Round "3"]
[White "Milovic, Jovan"]
[Black "Vujovic, Savo"]
[Result "1-0"]
[ECO "A00"]
[WhiteElo "2276"]
[BlackElo "2082"]
[PlyCount "57"]
[EventDate "2020.09.11"]
[EventType "swiss"]
[EventRounds "9"]
[EventCountry "MNE"]
[TimeControl "5400+30"]

1. d4 Nf6 2. Bg5 c5 3. d5 Ne4 4. h4 Qb6 5. Nd2 h6 6. Bf4 Qxb2 7. Nxe4 Qb4+ 8. Qd2 Qxe4 9. f3 Qb4 10. c3 Qa5 11. e4 d6 12. Ne2 Nd7 13. h5 Nb6 14. Rb1 e5 15. dxe6 Bxe6 16. Ng3 O-O-O 17. Rb5 Qa3 18. c4 Bxc4 19. Rxb6 Bxa2 20. Rb5 b6 21. Nf5 c4 22. Qd5 c3 23. Qc6+ Kb8 24. Rxb6+ axb6 25. Qxb6+ Kc8 26. Ba6+ Kd7 27. Bb5+ Kc8 28. Ba6+ Kd7 29. Qa7+ 1-0

[Event "72nd MNE-ch 2020"]
[Site "Podgorica"]
[Date "2020.09.12"]
[Round "3"]
[White "Musovic, Armin"]
[Black "Vuckovic, Marko"]
[Result "1-0"]
[ECO "A00"]
[WhiteElo "2207"]
[BlackElo "2059"]
[PlyCount "75"]
[EventDate "2020.09.11"]
[EventType "swiss"]
[EventRounds "9"]
[EventCountry "MNE"]
[TimeControl "5400+30"]

1. e4 c5 2. c3 Nf6 3. e5 Nd5 4. d4 cxd4 5. Nf3 e6 6. Bc4 Nb6 7. Bb3 Nc6 8. cxd4 d6 9. exd6 Bxd6 10. O-O O-O 11. Re1 Nd5 12. Nc3 Nxc3 13. bxc3 b6 14. Bc2 Be7 15. Qd3 g6 16. h4 Bb7 17. h5 Qd5 18. hxg6 hxg6 19. Rb1 Bf6 20. c4 Qd7 21. d5 exd5 22. cxd5 Ne7 23. d6 Nf5 24. Bf4 Rac8 25. Ne5 Qd8 26. Bb3 Bxe5 27. Bxe5 Qg5 28. Qh3 Nh4 29. Qg3 Qh5 30. d7 Rcd8 31. Bd1 Qh7 32. Bf6 Nxg2 33. Bxd8 Nxe1 34. Bh4 Qh6 35. f4 Nd3 36. Qg5 Qxg5+ 37. Bxg5 f6 38. Bxf6 1-0

[Event "72nd MNE-ch 2020"]
[Site "Podgorica"]
[Date "2020.09.12"]
[Round "3"]
[White "Bujisic, Vlastimir"]
[Black "Djurovic, Peko"]
[Result "1/2-1/2"]
[ECO "A00"]
[WhiteElo "2191"]
[BlackElo "2003"]
[PlyCount "75"]
[EventDate "2020.09.11"]
[EventType "swiss"]
[EventRounds "9"]
[EventCountry "MNE"]
[TimeControl "5400+30"]

1. e4 c5 2. Nf3 Nc6 3. d4 cxd4 4. Nxd4 Nf6 5. Nc3 e5 6. Ndb5 d6 7. Bg5 a6 8. Na3 b5 9. Nd5 Be7 10. Bxf6 Bxf6 11. c3 Bg5 12. Nc2 O-O 13. g3 Be6 14. Bg2 Ne7 15. Nce3 Rc8 16. h4 Bxe3 17. Nxe3 f5 18. exf5 Nxf5 19. Nxf5 Bxf5 20. a4 Qb6 21. O-O Rf6 22. axb5 axb5 23. Ra8 Rxa8 24. Qd5+ Be6 25. Qxa8+ Rf8 26. Qc6 Qxc6 27. Bxc6 Bc4 28. Rd1 Rd8 29. Bd5+ Kf8 30. b3 Bxd5 31. Rxd5 Rc8 32. Rxb5 Rxc3 33. Rb7 e4 34. Kf1 d5 35. Rd7 Rxb3 36. Rxd5 e3 37. Rf5+ Ke7 38. Re5+ 1/2-1/2

[Event "72nd MNE-ch 2020"]
[Site "Podgorica"]
[Date "2020.09.12"]
[Round "3"]
[White "Miletic, Vuk"]
[Black "Sukovic, Andrej"]
[Result "0-1"]
[ECO "A00"]
[WhiteElo "2159"]
[BlackElo "2261"]
[PlyCount "87"]
[EventDate "2020.09.11"]
[EventType "swiss"]
[EventRounds "9"]
[EventCountry "MNE"]
[TimeControl "5400+30"]

1. d4 Nf6 2. c4 g6 3. Nc3 Bg7 4. e4 d6 5. Nge2 c5 6. d5 b5 7. cxb5 a6 8. Ng3 O-O 9. a4 axb5 10. Bxb5 Na6 11. O-O Nb4 12. Re1 Ba6 13. Rb1 Nd7 14. f4 c4 15. Be3 Nd3 16. Rf1 N7c5 17. Nge2 Nb3 18. Bc6 Rb8 19. Nb5 e6 20. Nec3 Bb7 21. Bxb7 Rxb7 22. Qf3 exd5 23. Nxd5 Rb8 24. f5 Re8 25. f6 Bf8 26. Qg4 Nbc5 27. Nbc3 h5 28. Qh4 Qd7 29. h3 Nxa4 30. Nxa4 Qxa4 31. Bd4 Qd7 32. Rf3 Qe6 33. Nc3 Ra8 34. Rg3 Kh7 35. Be3 Ra5 36. Rg5 Re5 37. Rf1 Bh6 38. Kh1 Bxg5 39. Bxg5 Rxg5 40. Qxg5 Qe5 41. Qh4 Qd4 42. Rf5 Re5 43. Rxe5 Qxe5 44. Nd1 0-1

[Event "72nd MNE-ch 2020"]
[Site "Podgorica"]
[Date "2020.09.12"]
[Round "3"]
[White "Karisik, Nenad"]
[Black "Mosurovic, Milena"]
[Result "1-0"]
[ECO "A00"]
[WhiteElo "2106"]
[BlackElo "1353"]
[PlyCount "65"]
[EventDate "2020.09.11"]
[EventType "swiss"]
[EventRounds "9"]
[EventCountry "MNE"]
[TimeControl "5400+30"]

1. e4 d5 2. exd5 Qxd5 3. Nc3 Qd8 4. d4 Nf6 5. Bc4 c6 6. Nf3 Bg4 7. Bxf7+ Kxf7 8. Ne5+ Ke8 9. Nxg4 Nbd7 10. O-O g6 11. Nxf6+ exf6 12. Re1+ Kf7 13. Qe2 Kg7 14. Bf4 Nb6 15. Rad1 Qd7 16. Ne4 Nd5 17. Nc5 Nxf4 18. Nxd7 Nxe2+ 19. Rxe2 Rd8 20. Nxf8 Rhxf8 21. c3 Rd5 22. Rde1 Rf7 23. Re7 Rd7 24. Rxd7 Rxd7 25. Kf1 Kf7 26. Re3 Rd5 27. Ke2 f5 28. Kd3 c5 29. Re5 Rxe5 30. dxe5 Ke6 31. f4 g5 32. g3 b5 33. a4 1-0

[Event "72nd MNE-ch 2020"]
[Site "Podgorica"]
[Date "2020.09.12"]
[Round "3"]
[White "Alivodic, Dario"]
[Black "Skenderovic, Ismet"]
[Result "1-0"]
[ECO "A00"]
[WhiteElo "2103"]
[BlackElo "1913"]
[PlyCount "65"]
[EventDate "2020.09.11"]
[EventType "swiss"]
[EventRounds "9"]
[EventCountry "MNE"]
[TimeControl "5400+30"]

1. d4 Nf6 2. c4 e6 3. Nc3 d5 4. Nf3 c6 5. Bg5 Be7 6. e3 Nbd7 7. cxd5 exd5 8. Bd3 Nh5 9. h4 h6 10. Bxe7 Qxe7 11. Qe2 Nhf6 12. O-O-O Ne4 13. Bxe4 dxe4 14. Nd2 Nf6 15. Rdg1 h5 16. Kb1 Bf5 17. Ka1 O-O-O 18. Rb1 Qb4 19. Rhc1 Kb8 20. a3 Qa5 21. Nb3 Qb6 22. Nc5 Rc8 23. b4 Nd5 24. N3xe4 Qd8 25. Rb2 b6 26. Na6+ Kb7 27. Ng5 Qe7 28. Nf3 f6 29. Qc4 Qe8 30. Nd2 Be6 31. Qd3 Qd7 32. Nb3 Rhd8 33. Nbc5+ 1-0

[Event "72nd MNE-ch 2020"]
[Site "Podgorica"]
[Date "2020.09.12"]
[Round "3"]
[White "Pobor, Danilo"]
[Black "Popadic, Dragan"]
[Result "1/2-1/2"]
[ECO "A00"]
[WhiteElo "2059"]
[BlackElo "2171"]
[PlyCount "25"]
[EventDate "2020.09.11"]
[EventType "swiss"]
[EventRounds "9"]
[EventCountry "MNE"]
[TimeControl "5400+30"]

1. d4 Nf6 2. Nf3 g6 3. c4 Bg7 4. Nc3 d6 5. e4 O-O 6. Be2 e5 7. Be3 Na6 8. O-O Ng4 9. Bg5 Qe8 10. h3 f6 11. Bc1 Nh6 12. Be3 c6 13. dxe5 1/2-1/2

[Event "72nd MNE-ch 2020"]
[Site "Podgorica"]
[Date "2020.09.12"]
[Round "3"]
[White "Kandic, Milojko"]
[Black "Krstonijevic, Stjepan"]
[Result "0-1"]
[ECO "A00"]
[WhiteElo "1961"]
[BlackElo "2098"]
[PlyCount "110"]
[EventDate "2020.09.11"]
[EventType "swiss"]
[EventRounds "9"]
[EventCountry "MNE"]
[TimeControl "5400+30"]

1. e4 c5 2. Nf3 e6 3. d4 cxd4 4. Nxd4 Nc6 5. Nc3 Qc7 6. Ndb5 Qb8 7. Be3 b6 8. Qd2 a6 9. Nd4 Nf6 10. Nxc6 dxc6 11. Bd3 Be7 12. h3 c5 13. a4 Bb7 14. f3 Qc7 15. Bc4 Bc6 16. O-O Qb7 17. Qe2 O-O 18. Rfd1 Nd7 19. Bf4 Rfd8 20. e5 Rdb8 21. Bd3 Nf8 22. Ne4 Ng6 23. Bg3 b5 24. axb5 axb5 25. Rxa8 Qxa8 26. b3 Rd8 27. Nd6 Qb8 28. Bxg6 hxg6 29. Qe3 c4 30. Qc5 Bd5 31. b4 Bxd6 32. exd6 Qb7 33. Ra1 Rd7 34. Ra5 Bc6 35. Qe5 Qb8 36. Qc5 Qb7 37. Qe5 Qb8 38. Ra6 Qb7 39. Qa1 f6 40. Qa5 e5 41. Rb6 Qc8 42. Bf2 Rxd6 43. Qa7 Kh7 44. Qe7 Re6 45. Qc5 Qd7 46. Kh2 Rd6 47. h4 Qe6 48. c3 f5 49. Bg3 f4 50. Bf2 e4 51. fxe4 Qxe4 52. Qg5 Rd5 53. Qg4 Rd3 54. h5 g5 55. Qxg5 Rg3 0-1

[Event "72nd MNE-ch 2020"]
[Site "Podgorica"]
[Date "2020.09.12"]
[Round "3"]
[White "Petrovic, Slavko"]
[Black "Koljevic, Nikolina"]
[Result "1-0"]
[ECO "A00"]
[WhiteElo "1909"]
[BlackElo "1870"]
[PlyCount "67"]
[EventDate "2020.09.11"]
[EventType "swiss"]
[EventRounds "9"]
[EventCountry "MNE"]
[TimeControl "5400+30"]

1. e4 c5 2. Nf3 Nc6 3. d4 cxd4 4. Nxd4 Nf6 5. Nc3 d6 6. Be2 e5 7. Nb3 Be6 8. Be3 Be7 9. Bf3 O-O 10. Nd5 Qd7 11. h3 Bd8 12. Qd2 Bxd5 13. exd5 Ne7 14. Qd3 Qf5 15. Qxf5 Nxf5 16. Nd2 e4 17. Bxe4 Nxe4 18. Nxe4 Re8 19. Nd2 Nxe3 20. fxe3 Rxe3+ 21. Kf2 Re5 22. c4 Bh4+ 23. g3 Rae8 24. Nf1 Rf5+ 25. Kg1 Bd8 26. Rh2 Bb6+ 27. Kh1 Bf2 28. b4 Re2 29. Rd1 b6 30. c5 bxc5 31. bxc5 Ree5 32. cxd6 Bc5 33. d7 Be7 34. Rc2 1-0

[Event "72nd MNE-ch 2020"]
[Site "Podgorica"]
[Date "2020.09.12"]
[Round "3"]
[White "Kalezic, Bojan"]
[Black "Petrusic, Goran"]
[Result "1/2-1/2"]
[ECO "A00"]
[WhiteElo "1855"]
[BlackElo "1935"]
[PlyCount "97"]
[EventDate "2020.09.11"]
[EventType "swiss"]
[EventRounds "9"]
[EventCountry "MNE"]
[TimeControl "5400+30"]

1. d4 Nf6 2. Nf3 g6 3. c4 c5 4. d5 d6 5. Nc3 Bg7 6. e4 O-O 7. Be2 Bg4 8. Nd2 Bxe2 9. Qxe2 Nbd7 10. O-O e5 11. a3 Qe7 12. b4 b6 13. Nb3 h6 14. Be3 Nh7 15. bxc5 Nxc5 16. Nxc5 bxc5 17. Qd2 g5 18. Qc2 Qd7 19. Rfb1 Rab8 20. Ne2 Rxb1+ 21. Rxb1 f5 22. exf5 Rxf5 23. Rb8+ Bf8 24. Qb3 Rf7 25. Ng3 Kg7 26. a4 Nf6 27. Qb5 Qxb5 28. Rxb5 Nd7 29. a5 Kg6 30. Ne4 g4 31. Bd2 Kf5 32. Ng3+ Kg6 33. Ne4 Kf5 34. f3 gxf3 35. gxf3 Kg6 36. Rb7 a6 37. Ra7 Nb8 38. Rxf7 Kxf7 39. Kf2 Nd7 40. Kg3 Nf6 41. Nxf6 Kxf6 42. Kg4 Kg6 43. f4 h5+ 44. Kf3 Kf5 45. fxe5 dxe5 46. Be3 Bd6 47. h3 e4+ 48. Ke2 Bf8 49. Kf2 1/2-1/2

[Event "72nd MNE-ch 2020"]
[Site "Podgorica"]
[Date "2020.09.12"]
[Round "3"]
[White "Cadjenovic, Dragan"]
[Black "Bacic, Kristina"]
[Result "1-0"]
[ECO "A00"]
[WhiteElo "1841"]
[BlackElo "1856"]
[PlyCount "81"]
[EventDate "2020.09.11"]
[EventType "swiss"]
[EventRounds "9"]
[EventCountry "MNE"]
[TimeControl "5400+30"]

1. e4 c6 2. d4 d5 3. exd5 cxd5 4. c4 Nc6 5. Nf3 Nf6 6. Nc3 Bg4 7. Be2 e6 8. O-O Be7 9. Re1 dxc4 10. Be3 Nd5 11. Bxc4 Nxe3 12. fxe3 O-O 13. Bd3 Qd7 14. a3 Rfd8 15. Qc2 h6 16. Qf2 Bxf3 17. gxf3 f5 18. Rad1 Bf6 19. Qc2 f4 20. d5 Ne5 21. Be4 fxe3 22. Rxe3 Kh8 23. Kh1 Bg5 24. Re2 exd5 25. Bxd5 Qc7 26. Qf5 Nc4 27. Qd3 Nb6 28. Qe4 Nxd5 29. Rxd5 Rxd5 30. Qxd5 Rf8 31. Kg2 Bf4 32. Kh1 Qc8 33. Re6 Bg5 34. Qe4 Qd7 35. Ne2 Qf7 36. Kg2 Qc7 37. h4 Bf6 38. b4 Bb2 39. a4 Qf7 40. Re7 Qf6 41. Rxb7 1-0

[Event "72nd MNE-ch 2020"]
[Site "Podgorica"]
[Date "2020.09.12"]
[Round "3"]
[White "Lakusic, Zoran"]
[Black "Nikcevic, Nebojsa"]
[Result "0-1"]
[ECO "A00"]
[WhiteElo "1711"]
[BlackElo "2413"]
[PlyCount "34"]
[EventDate "2020.09.11"]
[EventType "swiss"]
[EventRounds "9"]
[EventCountry "MNE"]
[TimeControl "5400+30"]

1. Nf3 c5 2. c4 Nc6 3. Nc3 g6 4. d4 cxd4 5. Nxd4 Bg7 6. Nxc6 bxc6 7. e4 d6 8. Bd3 Nf6 9. Qa4 Bd7 10. O-O c5 11. Qc2 Ng4 12. Bf4 Ne5 13. Rab1 a5 14. Nd5 Nc6 15. Qd2 Nd4 16. Bg5 f6 17. Bh6 O-O {...} 0-1

[Event "72nd MNE-ch 2020"]
[Site "Podgorica"]
[Date "2020.09.12"]
[Round "3"]
[White "Popovic, Mateja"]
[Black "Pobor, Milo"]
[Result "0-1"]
[ECO "A00"]
[WhiteElo "1550"]
[BlackElo "2143"]
[PlyCount "90"]
[EventDate "2020.09.11"]
[EventType "swiss"]
[EventRounds "9"]
[EventCountry "MNE"]
[TimeControl "5400+30"]

1. d4 c5 2. c3 d5 3. Nf3 g6 4. Bf4 Bg7 5. e3 Nf6 6. Nbd2 O-O 7. Be2 Nc6 8. h3 Qb6 9. Qb3 Qd8 10. O-O c4 11. Qd1 b5 12. b3 Bf5 13. a4 a6 14. Ne5 Qb6 15. b4 Nd7 16. a5 Qb7 17. Nxc6 Qxc6 18. Bg4 Bd3 19. Be2 e5 20. Bg3 Bf5 21. Re1 Rae8 22. Bg4 Bxg4 23. hxg4 f5 24. gxf5 gxf5 25. Nf3 e4 26. Ng5 Qg6 27. Nh3 Bh6 28. Bf4 Kh8 29. Bxh6 Qxh6 30. Nf4 Nf6 31. f3 Rg8 32. Ra2 Rg3 33. Rf2 Reg8 34. Kf1 exf3 35. gxf3 Re8 36. Rg2 Rxg2 37. Nxg2 Qh2 38. Kf2 Rg8 39. Rg1 f4 40. exf4 Qg3+ 41. Kf1 Nh5 42. Qe2 Nf6 43. Qf2 Qh3 44. Ke2 Qf5 45. Qe3 Re8 0-1

[Event "72nd MNE-ch 2020"]
[Site "Podgorica"]
[Date "2020.09.13"]
[Round "4"]
[White "Draskovic, Luka"]
[Black "Nikac, Predrag"]
[Result "1-0"]
[ECO "A00"]
[WhiteElo "2472"]
[BlackElo "2312"]
[PlyCount "67"]
[EventDate "2020.09.11"]
[EventType "swiss"]
[EventRounds "9"]
[EventCountry "MNE"]
[TimeControl "5400+30"]

1. c4 f5 2. Nc3 Nf6 3. d4 g6 4. h4 Bg7 5. h5 Nxh5 6. e4 fxe4 7. Rxh5 gxh5 8. Qxh5+ Kf8 9. Bh6 d6 10. Nxe4 Qd7 11. Bxg7+ Kxg7 12. Qg5+ Kf8 13. Qh6+ Kg8 14. O-O-O Qe6 15. Qh4 h5 16. Bd3 Rh6 17. Ne2 Qf7 18. Ng5 Qf8 19. Be4 Nc6 20. Rd3 Bg4 21. Rg3 Qxf2 22. Rxg4 Qxe2 23. Bd5+ e6 24. Re4 Qf1+ 25. Re1 Qd3 26. Nxe6 Kh8 27. Qf4 Rg6 28. Nf8 Nb4 29. Nxg6+ Qxg6 30. Be4 Qg7 31. Rh1 Rf8 32. Rxh5+ Kg8 33. Bh7+ Kh8 34. Bf5+ 1-0

[Event "72nd MNE-ch 2020"]
[Site "Podgorica"]
[Date "2020.09.13"]
[Round "4"]
[White "Nikcevic, Nebojsa"]
[Black "Miletic, Vuk"]
[Result "1-0"]
[ECO "A00"]
[WhiteElo "2413"]
[BlackElo "2159"]
[PlyCount "43"]
[EventDate "2020.09.11"]
[EventType "swiss"]
[EventRounds "9"]
[EventCountry "MNE"]
[TimeControl "5400+30"]

1. c4 Nf6 2. Nf3 e6 3. g3 d5 4. b3 Be7 5. Bg2 O-O 6. O-O b6 7. Bb2 Bb7 8. e3 c5 9. Nc3 Nc6 10. cxd5 Nxd5 11. Nxd5 Qxd5 12. d4 Rad8 13. Ne5 Qd6 14. dxc5 Qxc5 15. Nd7 Qg5 16. Rc1 Nb8 17. Nxf8 Rxd1 18. Rfxd1 Bxf8 19. Bxb7 Qe7 20. Bf3 Qe8 21. Rc7 a5 22. Bb7 1-0

[Event "72nd MNE-ch 2020"]
[Site "Podgorica"]
[Date "2020.09.13"]
[Round "4"]
[White "Sukovic, Andrej"]
[Black "Kalezic, Blazo"]
[Result "0-1"]
[ECO "A00"]
[WhiteElo "2261"]
[BlackElo "2448"]
[PlyCount "118"]
[EventDate "2020.09.11"]
[EventType "swiss"]
[EventRounds "9"]
[EventCountry "MNE"]
[TimeControl "5400+30"]

1. e4 c5 2. Nf3 a6 3. Nc3 Nc6 4. d4 cxd4 5. Nxd4 e6 6. Nxc6 bxc6 7. Bd3 d5 8. O-O Nf6 9. e5 Nd7 10. f4 g6 11. Na4 c5 12. c4 d4 13. Be4 Rb8 14. b3 Qc7 15. Bd2 Bb7 16. Qf3 Bxe4 17. Qxe4 Be7 18. Rae1 h5 19. Qf3 h4 20. Nb2 Kf8 21. Qg4 Rh5 22. Rf3 Kg7 23. Ref1 Rbh8 24. Nd3 Kf8 25. Rh3 Qc6 26. Qe2 Kg7 27. Nf2 Ra8 28. Ne4 Rhh8 29. Ba5 Qb7 30. Nd2 Rh7 31. Nf3 Rah8 32. Be1 Nb8 33. Ng5 Rh5 34. Qg4 Bxg5 35. fxg5 Nc6 36. Qf4 Kg8 37. Bd2 R8h7 38. Qe4 Qc8 39. Rd3 Ne7 40. b4 Nf5 41. b5 axb5 42. cxb5 Kg7 43. b6 Rh8 44. Ra3 c4 45. Bb4 c3 46. Ra7 Rxg5 47. Qf4 Rgh5 48. Be7 Re8 49. Bf6+ Kg8 50. Qe4 Qc5 51. Ra8 d3+ 52. Rf2 Ng7 53. Rxe8+ Nxe8 54. Qxd3 Qxb6 55. Bd8 Qc6 56. Ba5 Rxe5 57. Bxc3 Rd5 58. Qf3 Qd7 59. Rf1 Rd3 0-1

[Event "72nd MNE-ch 2020"]
[Site "Podgorica"]
[Date "2020.09.13"]
[Round "4"]
[White "Musovic, Armin"]
[Black "Tomic, Aleksandar"]
[Result "0-1"]
[ECO "A00"]
[WhiteElo "2207"]
[BlackElo "2373"]
[PlyCount "140"]
[EventDate "2020.09.11"]
[EventType "swiss"]
[EventRounds "9"]
[EventCountry "MNE"]
[TimeControl "5400+30"]

1. e4 c5 2. c3 d5 3. exd5 Qxd5 4. d4 Nf6 5. Nf3 e6 6. Bd3 Be7 7. O-O O-O 8. Qe2 cxd4 9. cxd4 b6 10. Bg5 Bb7 11. Nc3 Qd8 12. Rad1 Nbd7 13. Bb1 Nd5 14. Qe4 g6 15. Qh4 Re8 16. Ne4 N5f6 17. Rfe1 Rc8 18. h3 Bd5 19. Bd3 a5 20. a4 Bb3 21. Ra1 Bc2 22. Nxf6+ Nxf6 23. Bb5 Rf8 24. Qh6 Bb3 25. Re3 Bd5 26. Rae1 Rc2 27. Ne5 Ng4 28. Bxe7 Nxh6 29. Bxd8 Rxd8 30. Rc3 Rxb2 31. Rc7 Nf5 32. Nxf7 Rf8 33. Ne5 Nh4 34. Ng4 Nxg2 35. Rec1 Nh4 36. Kh2 h5 37. Nh6+ Kh8 38. Nf7+ Kg7 39. Ne5+ Kg8 40. Nd3 Rd2 41. Rd7 Rf7 42. Rc8+ Kg7 43. Rxf7+ Kxf7 44. Kg3 g5 45. Ne5+ Kf6 46. Bd3 Rd1 47. f3 Rd2 48. Rf8+ Kg7 49. Rf7+ Kg8 50. Bh7+ Kh8 51. Ng6+ Nxg6 52. Bxg6 Rxd4 53. Bxh5 Rxa4 54. Ra7 Rb4 55. Be8 Rf4 56. Bh5 a4 57. Bg4 Rb4 58. f4 Rb3+ 59. Kf2 a3 60. fxg5 Rb2+ 61. Kg3 a2 62. Kh4 Rb1 63. Kh5 a1=Q 64. Rxa1 Rxa1 65. Kh6 e5 66. g6 Ra7 67. h4 e4 68. h5 e3 69. Kg5 Bc4 70. Kh6 e2 0-1